 Dungeon Crawl Stone Soup version 0.28.0-53-g5a82cb258f (webtiles) character file.

Game seed: 9827263498597366411

87821 nickcage the Tortoise (level 15, -11/147 HPs)
             Began as a Minotaur Gladiator on May 24, 2022.
             Was the Champion of the Shining One.
             Mangled by a merfolk impaler
             ... wielding a +1 vorpal trident
              (12 damage)
             ... on level 2 of the Shoals on May 25, 2022.
             The game lasted 01:21:48 (20655 turns).

nickcage the Tortoise (Minotaur Gladiator)         Turns: 20655, Time: 01:21:49

Health: -11/147    AC: 34    Str: 32    XL:     15   Next: 44%
Magic:  14/14      EV: 10    Int: 11    God:    the Shining One [******]
Gold:   630        SH:  0    Dex: 12    Spells: 14/14 levels left

rFire   + + +      SeeInvis +   s - +8 battleaxe "Kegioni" {flame, Str+4}
rCold   . . .      Faith    .   (shield currently unavailable)
rNeg    + + +      Spirit   .   f - +1 plate armour
rPois   .          Reflect  .   c - +1 hat
rElec   .          Harm     .   r - +2 cloak
rCorr   .          Rampage  ∞   Z - +2 pair of gloves
Will    ++...                   a - +3 pair of seven-league boots {Rampage+∞}
Stlth   ..........              t - amulet of regeneration
HPRegen 1.14/turn               i - ring of willpower
MPRegen 0.14/turn               K - ring of Tension {Contam rF+++ Str+2 Int+6 SInv}

@: about to teleport, glowing, studying Short Blades, very slow
A: horns 2, retaliatory headbutt
a: Renounce Religion, Divine Shield, Cleansing Flame, Summon Divine Warrior,
Brand Weapon With Holy Wrath


You were on level 2 of the Shoals.
You worshipped the Shining One.
The Shining One was exalted by your worship.
You visited 5 branches of the dungeon, and saw 22 of its levels.
You also visited: Ossuary and Gauntlet.

You collected 2462 gold pieces.
You spent 1832 gold pieces at shops.

Inventory:

Hand Weapons
 s - the +8 battleaxe "Kegioni" (weapon) {flame, Str+4}
   (You found it on level 5 of the Dungeon)

   It burns those it strikes, dealing additional fire damage.
   Big, fiery blades are also staple armaments of hydra-hunters.
   Str:       It affects your strength (+4).
 I - the +8 glaive of the Guard {elec, spectral, AC+5}
   (You found it on level 6 of the Lair of Beasts)

   It occasionally discharges a powerful burst of electricity upon striking a
   foe.
   When it strikes, its spirit leaps out and fights alongside the wielder.
   AC:        It affects your AC (+5).
 Y - a +8 eveningstar
Missiles
 B - 26 poisoned darts
Armour
 a - the +3 pair of seven-league boots (worn) {Rampage+∞}
   (You found it on level 2 of the Lair of Beasts)

   Its wearer moves as far as possible in that direction when moving towards
   enemies.
 c - a +1 hat (worn)
 f - a +1 plate armour (worn)
 r - a +2 cloak (worn)
 u - the +2 ring mail of Gallantry {rElec Int+4 Stlth+}
   (You found it on level 5 of the Dungeon)

   Int:       It affects your intelligence (+4).
   rElec:     It insulates you from electricity.
   Stlth:     It makes you more stealthy.
 J - a +0 cloak of poison resistance
 N - a scarf of resistance
 S - a +0 kite shield
 V - a scarf of repulsion
 Z - a +2 pair of gloves (worn)
Jewellery
 d - an amulet of the acrobat
 e - a ring of poison resistance
 i - a ring of willpower (left hand)
 m - a ring of positive energy
 t - an amulet of regeneration (around neck)
 C - a ring of wizardry
 K - the ring of Tension (right hand) {Contam rF+++ Str+2 Int+6 SInv}
   (You bought it in a shop on level 2 of the Orcish Mines)

   [ring of intelligence]

   Str:       It affects your strength (+2).
   Int:       It affects your intelligence (+6).
   rF:        It renders you almost immune to fire.
   SInv:      It lets you see invisible.
   Contam:    It causes magical contamination when unequipped.
 L - an amulet of faith
 T - the ring of Zuxty {rC+ MP+9}
   (You took it off a minotaur in a Gauntlet)

   [ring of protection from cold]

   rC:        It protects you from cold.
   MP:        It affects your magic capacity (+9).
 W - the ring "Yghian" {Fly MP+9}
   (You found it in a Gauntlet)

   [ring of magical power]

   MP:        It affects your magic capacity (+9).
   Fly:       It grants you flight.
Wands
 g - a wand of digging (2)
 o - a wand of acid (19) (quivered)
 p - a wand of flame (38)
 y - a wand of iceblast (17)
 G - a wand of paralysis (8)
 O - a wand of mindburst (7)
Scrolls
 j - 4 scrolls of magic mapping
 w - 2 scrolls of fear
 x - 2 scrolls of enchant weapon
 A - a scroll of summoning {unknown}
 D - 7 scrolls of teleportation
 M - a scroll of silence
 R - 6 scrolls of identify
 X - 3 scrolls of fog
Potions
 b - 4 potions of heal wounds
 h - 11 potions of curing
 k - 3 potions of flight
 l - a potion of cancellation
 n - 2 potions of resistance
 q - 2 potions of lignification
 v - 3 potions of haste
 z - 2 potions of might
 E - 3 potions of mutation
 H - a potion of ambrosia
 Q - 2 potions of invisibility
Miscellaneous
 F - a lightning rod (4/4)


   Skills:
 + Level 17.6 Fighting
 - Level 19.1(20.0) Axes
 - Level 10.8(16.1) Maces & Flails
 - Level 2.0 Throwing
 * Level 20.9 Armour
 - Level 3.2 Dodging
 - Level 0.3 Evocations


You had 14 spell levels left.
You didn't know any spells.
Your spell library contained the following spells:

 Spells                   Type           Power      Damage    Failure   Level
 Animate Skeleton         Necr           0%         N/A       77%         1
 Foxfire                  Conj/Fire      0%         2x1d4     77%         1
 Freeze                   Ice            0%         1d3       77%         1
 Pain                     Necr           0%         1d4       77%         1
 Sandblast                Erth           0%         2d4       77%         1
 Shock                    Conj/Air       0%         1d3       77%         1
 Blink                    Tloc           0%         N/A       88%         2
 Corpse Rot               Necr/Air       0%         N/A       88%         2
 Passwall                 Tmut/Erth      0%         N/A       88%         2
 Poisonous Vapours        Pois/Air       0%         N/A       88%         2
 Static Discharge         Conj/Air       0%         N/A       88%         2
 Conjure Flame            Conj/Fire      0%         6-21      98%         3
 Frozen Ramparts          Ice            0%         1d2       98%         3
 Ignite Poison            Fire/Tmut/Pois 0%         N/A       98%         3
 Inner Flame              Hex/Fire       0%         N/A       98%         3
 Ozocubu's Armour         Ice            0%         N/A       98%         3
 Spider Form              Tmut/Pois      0%         N/A       98%         3
 Stone Arrow              Conj/Erth      0%         3d7       98%         3
 Swiftness                Air            0%         N/A       98%         3
 Tukima's Dance           Hex            0%         N/A       98%         3
 Vampiric Draining        Necr           0%         2d6       98%         3
 Airstrike                Air            0%         N/A       100%        4
 Animate Dead             Necr           0%         N/A       100%        4
 Dispel Undead            Necr           0%         3d6       100%        4
 Flame Wave               Conj/Fire      0%         2d4       100%        4
 Hailstorm                Conj/Ice       0%         3d3       100%        4
 Olgreb's Toxic Radiance  Pois           0%         N/A       100%        4
 Passage of Golubria      Tloc           0%         N/A       100%        4
 Agony                    Necr           0%         N/A       100%        5
 Borgnjor's Vile Clutch   Necr/Erth      0%         N/A       100%        5
 Excruciating Wounds      Necr           0%         N/A       100%        5
 Freezing Cloud           Conj/Ice/Air   0%         6-21      100%        5
 Lightning Bolt           Conj/Air       0%         1d11      100%        5
 Manifold Assault         Tloc           0%         N/A       100%        5
 Yara's Violent Unravell  Hex/Tmut       0%         3d3       100%        5
 Death Channel            Necr           0%         N/A       100%        6
 Simulacrum               Ice/Necr       0%         N/A       100%        6
 Ozocubu's Refrigeration  Ice            0%         4d5       100%        7
 Storm Form               Tmut/Air       0%         N/A       100%        7
 Ignition                 Fire           0%         3d3       100%        8
 Maxwell's Capacitive Co  Air            0%         ∞         100%        8
 Polar Vortex             Ice            0%         N/A       100%        9


Dungeon Overview and Level Annotations

Branches:
Dungeon (11/15)            Temple (1/1) D:7            Lair (6/6) D:8
 Shoals (2/4) Lair:3        Snake (0/4) Lair:2        Slime (0/5) Lair:5
    Orc (2/2) D:9             Elf (0/3) Orc:2       Ossuary (visited)
Gauntlet (visited)

Altars:
Ashenzari
Cheibriados
Dithmenos
Elyvilon
Fedhas
Gozag
Hepliaklqana
Kikubaaqudgha
Makhleb
Nemelex Xobeh
Okawaru
Qazlal
Ru
Sif Muna
Trog
Uskayaw
Vehumet
Wu Jian
Xom
Yredelemnul
Zin
The Shining One
Beogh
Jiyva
Lugonu

Shops:
D:6 (   D:7 :*   Orc:2 :==?

Portals:
Abyss: Lair:6


Innate Abilities, Weirdness & Mutations

You have a pair of horns on your head.
You reflexively headbutt those who attack you in melee.


Message History

Moving in this stuff is going to be slow.
Found a potion of brilliance.
You hit the merfolk siren. You burn the merfolk siren.
The merfolk siren is lightly wounded.
The merfolk siren hits you with a +0 spear.
* * * LOW HITPOINT WARNING * * *
Your unstable footing causes you to fumble your attack.
The merfolk throws a boomerang.
The boomerang hits you!
* * * LOW HITPOINT WARNING * * *
The merfolk siren hits you but does no damage.
As you read the scroll of teleportation, it crumbles to dust.
You feel strangely unstable.
The merfolk siren hits you but does no damage.
The merfolk impaler hits you but does no damage.
The merfolk siren chants a haunting song.
You are mesmerised by the merfolk siren!
The merfolk closely misses you.
The merfolk impaler hits you from afar with a +1 vorpal trident.
* * * LOW HITPOINT WARNING * * *
x2 The merfolk throws a boomerang.
The boomerang hits you but does no damage.
You slice the merfolk siren!! You burn the merfolk siren!
The merfolk siren is severely wounded.
The merfolk siren chants its luring song.
The merfolk impaler hits you but does no damage.
The merfolk hits you but does no damage.
Your unstable footing causes you to fumble your attack.
The merfolk hits you but does no damage.
The merfolk impaler hits you from afar with a +1 vorpal trident.
* * * LOW HITPOINT WARNING * * *
x2 The merfolk siren chants its luring song.
You cut the merfolk siren into ribbons!!!
You burn the merfolk siren.
You are no longer entranced.
You kill the merfolk siren!
You hear a splash.
The merfolk hits you from afar with a +0 halberd!
* * * LOW HITPOINT WARNING * * *
The merfolk impaler hits you from afar with a +1 vorpal trident!
You die...

≈≈≈≈≈≈≈≈≈≈≈≈≈≈≈
≈≈≈≈≈≈≈≈≈≈≈≈≈≈.
≈≈≈≈≈≈≈≈≈≈≈≈≈..
≈≈≈≈≈≈≈≈≈≈≈≈≈!#
≈≈≈≈≈≈≈≈≈≈≈≈≈.#
≈≈≈≈≈≈≈≈≈≈≈≈≈.#
≈≈≈≈≈≈≈≈≈≈..≈≈.
≈≈≈≈≈≈)@≈......
≈≈≈≈≈≈≈≈≈.##...
≈≈≈≈≈≈mmm)# #.
≈≈≈≈≈≈≈≈)(###.
≈≈≈≈≈≈≈≈≈≈......#
#.≈≈
≈≈≈≈≈≈≈≈≈≈≈...###
#.≈≈
≈≈≈≈≈≈≈≈≈≈≈≈...#
...
≈≈≈≈≈≈≈≈≈≈≈≈...# .≈
≈≈≈≈≈≈≈≈≈≈.....####
##.


You could see a merfolk impaler and 2 merfolk.

Vanquished Creatures
  2 krakens
  An orc warlord (D:9)
  A minotaur (Gauntlet)
  An ettin (Orc:1)
  A merfolk impaler (Shoals:1)
  Erolcha (D:11)
  2 boulder beetles
  6 hydras
  4 two-headed ogres
  5 death yaks (Lair:4)
  2 orc high priests
  Urug (D:11)
  3 thrashing horrors (Lair:6)
  3 sea snakes (Shoals:1)
  Pikel (D:4)
  13 orc knights
  5 harpies (Shoals:1)
  2 cyclopes
  6 fauns
  2 orc sorcerers (Orc:1)
  3 manticores
  A guardian serpent (Lair:2)
  6 black mambas
  2 merfolk sirens
  15 elephants
  2 molten gargoyles (Lair:3)
  2 smoke demons (Lair:6)
  2 torpor snails
  Maggie (D:9)
  A gargoyle (D:11)
  9 cane toads
  A kobold demonologist (D:10)
  3 rime drakes
  9 komodo dragons
  A komodo dragon (shapeshifter) (Lair:6)
  Psyche (D:8)
  2 ancient zymes (Lair:6)
  2 wind drakes
  6 polar bears
  3 trolls
  4 merfolk (Shoals:1)
  2 hornets (D:8)
  A wolf spider simulacrum (Gauntlet)
  Prince Ribbit (D:5)
  21 blink frogs (Lair:6)
  3 dream sheep
  3 large abominations (Lair:6)
  Sigmund (D:2)
  A snapping turtle (Shoals:1)
  4 wyverns
  3 centaur simulacra (Gauntlet)
  2 spriggans (Lair:6)
  2 wraiths (D:11)
  2 ynoxinuls (Lair:6)
  A water elemental (Shoals:1)
  43 yaks
  4 basilisks
  A steam dragon (D:8)
  A chaos spawn (Lair:6)
  A naga (Lair:2)
  An acid dragon (D:10)
  8 wargs
  20 water moccasins
  60 orc warriors
  3 ice beasts
  A black bear (Lair:1)
  A necrophage (D:7)
  23 wolves
  9 ogres
  2 phantoms (D:6)
  4 centaurs
  3 lemures (D:4)
  Blork the orc (D:4)
  4 kobold brigands
  6 small abominations (Lair:6)
  13 bullfrogs
  5 gnoll sergeants (D:9)
  6 scorpions
  3 water moccasin zombies (Ossuary)
  A water moccasin skeleton (D:7)
  3 killer bees (D:10)
  3 wights (D:10)
  6 electric eels
  2 vampire bats (D:10)
  A bullfrog zombie (D:7)
  5 lava snakes (Lair:3)
  6 centaur zombies
  4 hounds
  A wyvern simulacrum (Gauntlet)
  A jelly (D:4)
  Crazy Yiuf (D:5)
  3 gnoll shamans
  17 orc priests
  4 centaur skeletons
  Jessica (D:2)
  5 iguanas
  23 orc wizards
  A scorpion zombie (D:5)
  Natasha (twice) (D:2)
  2 killer bee zombies (D:6)
  A howler monkey zombie (D:10)
  2 mummies (Ossuary)
  13 gnolls
  6 adders
  2 white imps
  An adder skeleton (D:4)
  2 adder zombies (Ossuary)
  3 worms
  3 dart slugs
  99 orcs
  7 ball pythons
  4 bats
  3 bat skeletons (D:10)
  2 bat zombies (D:10)
  5 endoplasms
  4 giant cockroaches
  7 hobgoblins
  4 jackals (D:5)
  18 kobolds
  7 quokkas
  2 frilled lizards (D:1)
  5 gnoll zombies (Ossuary)
  4 hobgoblin zombies (Ossuary)
  5 kobold zombies (Ossuary)
  5 orc zombies (Ossuary)
  21 rats
  4 tentacles (Shoals:2)
739 creatures vanquished.

Vanquished Creatures (others)
  16 fungi
  48 plants
  15 tentacles
79 creatures vanquished.

Grand Total: 818 creatures vanquished

Notes
Turn   | Place    | Note
-------+----------+-------------------------------------------
     0 | D:1      | nickcage the Minotaur Gladiator began the quest for the
                  | Orb.
     0 | D:1      | Reached XP level 1. HP: 18/18 MP: 0/0
   131 | D:1      | Reached XP level 2. HP: 22/25 MP: 1/1
   740 | D:1      | Reached XP level 3. HP: 30/30 MP: 2/2
   772 | D:1      | Reached skill level 5 in Maces & Flails
   806 | D:1      | Reached skill level 1 in Armour
   954 | D:2      | Found a faded altar of an unknown god.
  1007 | D:2      | Noticed Jessica
  1010 | D:2      | Killed Jessica
  1088 | D:2      | Reached XP level 4. HP: 37/37 MP: 3/3
  1245 | D:2      | Noticed Sigmund
  1335 | D:2      | Noticed Natasha
  1343 | D:2      | Killed Natasha
  1344 | D:2      | Reached skill level 2 in Armour
  1558 | D:2      | Noticed Natasha
  1568 | D:2      | Killed Natasha
  1569 | D:2      | Reached XP level 5. HP: 28/42 MP: 4/4
  1781 | D:2      | Killed Sigmund
  1782 | D:2      | Reached skill level 3 in Armour
  1782 | D:2      | Reached XP level 6. HP: 36/50 MP: 5/5
  2088 | D:3      | Reached skill level 4 in Armour
  3163 | D:4      | Found a sacrificial altar of Ru.
  3163 | D:4      | Found a basalt altar of Yredelemnul.
  3213 | D:4      | Reached skill level 5 in Armour
  3213 | D:4      | Reached XP level 7. HP: 51/56 MP: 6/6
  3370 | D:4      | Noticed Blork the orc
  3379 | D:4      | Killed Blork the orc
  3510 | D:4      | Found a white marble altar of Elyvilon.
  3590 | D:4      | Noticed Pikel
  3611 | D:4      | Killed Pikel
  3612 | D:4      | Reached skill level 10 in Maces & Flails
  3612 | D:4      | Reached skill level 6 in Armour
  3612 | D:4      | Reached XP level 8. HP: 16/62 MP: 7/7
  4005 | D:5      | Entered Level 5 of the Dungeon
  4065 | D:5      | Noticed Prince Ribbit
  4082 | D:5      | HP: 3/62 [Prince Ribbit (2)]
  4418 | D:5      | Killed Prince Ribbit
  4419 | D:5      | Reached skill level 7 in Armour
  4762 | D:5      | Identified a scroll of acquirement
  4762 | D:5      | Acquired a manual of Armour
  5025 | D:5      | Found a runed translucent door.
  5026 | D:5      | Noticed Crazy Yiuf
  5032 | D:5      | Killed Crazy Yiuf
  5033 | D:5      | Reached skill level 8 in Armour
  5262 | D:5      | Identified the +8 battleaxe "Kegioni" {flame, Str+4}
  5510 | D:5      | Identified the +2 ring mail of Gallantry {rElec Int+4
                  | Stlth+}
  5564 | D:6      | Reached skill level 1 in Axes
  5564 | D:6      | Reached skill level 9 in Armour
  5582 | D:6      | Found a sand-covered staircase.
  5592 | D:6      | Reached XP level 9. HP: 71/71 MP: 8/8
  5599 | Ossuary  | Entered an ossuary
  5840 | D:6      | Found Piakhlaiv's Weapon Shop.
  5906 | D:6      | Reached skill level 5 in Axes
  6739 | D:7      | Found Aqakh's Assorted Antiques.
  6753 | D:7      | Bought a fizzy ruby potion for 25 gold pieces
  6755 | D:7      | Bought a metallic blue potion for 25 gold pieces
  6755 | D:7      | Bought a dented soapstone amulet for 140 gold pieces
  6755 | D:7      | Bought a scroll of identify for 56 gold pieces
  6791 | D:7      | Found a staircase to the Ecumenical Temple.
  6797 | Temple   | Entered the Ecumenical Temple
  6842 | Temple   | Became a worshipper of the Shining One
  7106 | D:7      | Reached skill level 10 in Armour
  7118 | D:7      | Noticed a two-headed ogre
  7131 | D:7      | Killed a two-headed ogre
  7175 | D:7      | Noticed a boulder beetle
  7181 | D:7      | Reached skill level 5 in Fighting
  7261 | D:7      | Reached XP level 10. HP: 81/81 MP: 9/9
  7266 | D:7      | Reached * piety under the Shining One
  7271 | D:7      | Found Naez's Self-Improvement Boutique.
  7410 | D:7      | Reached skill level 11 in Armour
  7430 | D:7      | Killed a boulder beetle
  7431 | D:7      | Reached skill level 10 in Axes
  7778 | D:8      | Found a staircase to the Lair.
  7858 | D:8      | Noticed Psyche
  7863 | D:8      | Killed Psyche
  8049 | D:8      | Reached skill level 12 in Armour
  8074 | D:8      | Noticed a two-headed ogre
  8082 | D:8      | Killed a two-headed ogre
  8827 | D:9      | Noticed Maggie
  8832 | D:9      | Killed Maggie
  8948 | D:9      | Reached XP level 11. HP: 90/92 MP: 10/10
  9024 | D:9      | Found a staircase to the Orcish Mines.
  9420 | D:10     | Entered Level 10 of the Dungeon
  9420 | D:10     | Reached ** piety under the Shining One
  9525 | D:10     | Reached skill level 13 in Armour
  9917 | D:10     | Found an ancient bone altar of Kikubaaqudgha.
 10169 | D:11     | Found a gate leading to a gauntlet.
 10178 | Gauntlet | Entered a Gauntlet
 10178 | Gauntlet | Reached *** piety under the Shining One
 10178 | Gauntlet | Found a transporter.
 10181 | Gauntlet | Found a transporter.
 10185 | Gauntlet | Found a transporter.
 10189 | Gauntlet | Found a runed translucent door.
 10189 | Gauntlet | Noticed a tengu warrior
 10191 | Gauntlet | Found a runed translucent door.
 10193 | Gauntlet | Found a transporter.
 10197 | Gauntlet | Found a transporter.
 10202 | Gauntlet | Found a transporter.
 10206 | Gauntlet | Found a transporter.
 10207 | Gauntlet | Noticed a thrashing horror
 10210 | Gauntlet | Found a transporter.
 10221 | Gauntlet | Found a transporter.
 10222 | Gauntlet | Found a transporter.
 10224 | Gauntlet | Noticed a reaper
 10230 | Gauntlet | Found a transporter.
 10252 | Gauntlet | Found a transporter.
 10264 | Gauntlet | Found a transporter.
 10288 | Gauntlet | Found a transporter.
 10316 | Gauntlet | Reached **** piety under the Shining One
 10363 | Gauntlet | Identified the ring of Zuxty {rC+ MP+9}
 10363 | Gauntlet | Noticed a minotaur
 10371 | Gauntlet | Killed a minotaur
 10420 | Gauntlet | Identified the ring "Yghian" {Fly MP+9}
 10476 | D:11     | Noticed Erolcha
 10483 | D:11     | Noticed Urug
 10935 | D:11     | Reached skill level 14 in Armour
 11017 | D:11     | Killed Erolcha
 11022 | D:11     | Got the Papyrus of Shifting Snow
 11238 | D:11     | Noticed a sea snake
 11254 | D:11     | Killed Urug
 11255 | D:11     | Reached skill level 15 in Axes
 11255 | D:11     | Reached XP level 12. HP: 104/104 MP: 11/11
 11644 | Lair:1   | Entered Level 1 of the Lair of Beasts
 11658 | Lair:1   | Found a hide-covered altar of Uskayaw.
 12686 | Lair:2   | Reached skill level 15 in Armour
 12800 | Lair:2   | Found a staircase to the Snake Pit.
 13152 | Lair:2   | Noticed a boulder beetle
 13160 | Lair:2   | Killed a boulder beetle
 13228 | Lair:2   | Found the +3 pair of seven-league boots {Rampage+∞}
 13665 | Lair:3   | Noticed a six-headed hydra
 13677 | Lair:3   | Killed a three-headed hydra
 13684 | Lair:3   | Reached skill level 16 in Armour
 13881 | Lair:3   | Noticed a six-headed hydra
 13889 | Lair:3   | Killed a four-headed hydra
 14026 | Lair:3   | Reached ***** piety under the Shining One
 14027 | Lair:3   | Reached XP level 13. HP: 111/111 MP: 12/12
 14101 | Lair:3   | Found a staircase to the Shoals.
 14316 | Lair:3   | You fall into a shaft and drop 1 floor!
 14488 | Lair:4   | Reached skill level 17 in Armour
 14651 | Lair:3   | Reached skill level 10 in Fighting
 15428 | Lair:5   | Reached skill level 18 in Armour
 15444 | Lair:5   | Found a staircase to the Slime Pits.
 15445 | Lair:5   | Found a viscous altar of Jiyva.
 15966 | Lair:6   | Entered Level 6 of the Lair of Beasts
 16139 | Lair:6   | Reached XP level 14. HP: 117/127 MP: 13/13
 16254 | Lair:6   | Reached skill level 19 in Armour
 16707 | Lair:6   | Reached ****** piety under the Shining One
 16720 | Lair:6   | Found a corrupted altar of Lugonu.
 16720 | Lair:6   | Found a one-way gate to the infinite horrors of the Abyss.
 16741 | Lair:6   | Found the +8 glaive of the Guard {elec, spectral, AC+5}
 17471 | Orc:1    | Entered Level 1 of the Orcish Mines
 17471 | Orc:1    | Noticed an orc warlord
 17505 | D:9      | Killed an orc warlord
 17506 | D:9      | Reached skill level 15 in Fighting
 17940 | Orc:1    | Found a transporter.
 17942 | Orc:1    | Found a transporter.
 18387 | Orc:1    | Reached skill level 20 in Armour
 18479 | Orc:2    | Entered Level 2 of the Orcish Mines
 18484 | Orc:2    | Found a staircase to the Elven Halls.
 18943 | Orc:2    | Reached XP level 15. HP: 144/144 MP: 14/14
 19004 | Orc:2    | Found Siovipats's Book Emporium.
 19004 | Orc:2    | Found Fameweod's Jewellery Shop.
 19076 | Orc:2    | Found Gatik's Jewellery Emporium.
 19076 | Orc:2    | Found Byxou's Magic Scroll Shop.
 19116 | Orc:2    | Bought a scroll of fear for 52 gold pieces
 19125 | Orc:2    | Bought the ring of Tension {Contam rF+++ Str+2 Int+6 SInv}
                  | for 1534 gold pieces
 19812 | Shoals:1 | Entered Level 1 of the Shoals
 20344 | Shoals:1 | Noticed a kraken
 20352 | Shoals:1 | Killed a kraken
 20575 | Shoals:2 | Noticed a kraken
 20602 | Shoals:2 | Killed a kraken
 20655 | Shoals:2 | HP: 1/147 [merfolk/+0 halberd (17)]
 20655 | Shoals:2 | Mangled by a merfolk impaler

Illustrated notes

Levels and vault maps discovered:
D:1:      dpeg_arrival_rooms_with_view, layout_loops_ring, hex_medium
D:2:      layout_loops_ring, chequers_ecumenical_altar_simple, uniq_sigmund,
          uniq_natasha, uniq_jessica
D:3:      layout_loops_ring
D:4:      layout_rooms, gammafunk_temple_overflow_elements, elyvilon_altar_3,
          minmay_rat_hole, uniq_pikel, uniq_blork_the_orc
D:5:      layout_loops_ring, uniq_prince_ribbit1, uniq_crazy_yiuf_cottage
D:6:      layout_cave_pods, serial_shops, shop, nicolae_ossuary_entry_monument
D:7:      cheibrodos_barr_body, layout_basic, minmay_temple_entry_fiery,
          serial_corexii_hall, chequers_hall_statues_corner_a,
          chequers_hall_statues_wall_a, serial_shops, nicolae_square_shop,
          kennysheep_big_empty_room, nicolae_shop_self_help
D:8:      layout_loops_ring, erik_lair_island, minivault_24, uniq_psyche
D:9:      layout_stronghold, kennysheep_orc_monster_closet_entryway, uniq_maggie
D:10:     layout_rooms, kennysheep_vampire_church,
          chequers_serial_rivers_small_b, serial_bayou_ford_a
D:11:     layout_roguey [special_room_orc], gauntlet_entry_generic,
          serial_aquarium, aquarium_bridge_long_separate
          [aquarium_subvault_wall, aquarium_subvault_bridge,
          aquarium_subvault_wall, aquarium_subvault_bridge,
          aquarium_subvault_bridge, aquarium_subvault_bridge],
          aquarium_window_corner, aquarium_window_corridor_3, aquarium_view_2c,
          aquarium_balcony_3a, uniq_erolcha, uniq_urug
Temple:   dpeg_five_rooms_temple
Lair:1:   layout_concentric_octagons, basic_altar, infiniplex_staircase_pool_2
Lair:2:   layout_cave_pods, guppyfry_snake_entry_garden,
          hellmonk_guarded_unrand_seven_league_boots
Lair:3:   cheibrodos_magma_flow, layout_cave_pods, minmay_shoals_entry_beasts,
          serial_bayou_shore_a
Lair:4:   layout_loops_ring, st_stairs_13
Lair:5:   layout_roguey, slime_altar_1, lemuel_fruit_fields, grunt_megastairs_3,
          lemuel_fruit_tree
Lair:6:   hellmonk_lair_end_abyssal_woods, layout_cave_pods,
          grunt_forest_large_clearing_hut, grunt_megastairs_2
Shoals:1: layout_shoals, ldierk_geyser
Shoals:2: layout_shoals, serial_shops, nicolae_shop_hallway_stairs
Orc:1:    gammafunk_beogh_shrine, layout_caves
Orc:2:    st_orc_town, layout_caves

Skill      XL: |  1  2  3  4  5  6  7  8  9 10 11 12 13 14 15 |
---------------+----------------------------------------------+-----
Maces & Flails | 4 5 6 7 8 10 | 10.8
Armour         | 1 2 3 5 6 9 10 12 14 16 18 20 | 20.9
Fighting       | 4 5 7 9 12 16 17 | 17.6
Axes           | 1 9 12 15 18 19 | 19.1
Throwing       | |  2.0
Dodging        | |  3.2
Evocations     | |  0.3

Action                   |  1- 3 |  4- 6 |  7- 9 | 10-12 | 13-15 || total
-------------------------+-------+-------+-------+-------+-------++-------
Melee: Flail             |    65 |   145 |   136 |       |       ||   346
       Headbutt          |     9 |    25 |    44 |    81 |   157 ||   316
       Punch             |     1 |     2 |     2 |       |       ||     5
       Battleaxe         |       |       |   108 |   368 |   672 ||  1148
Throw: Throwing net      |       |     1 |     2 |       |       ||     3
       Dart              |       |       |     1 |    31 |     4 ||    36
Evoke: Wand              |       |       |     2 |     2 |       ||     4
  Use: Scroll            |     2 |     6 |    11 |    11 |     5 ||    35
       Potion            |       |       |       |     1 |     5 ||     6
Armor: Leather armour    |     8 |       |       |       |       ||     8
       Plate armour      |    35 |    92 |   122 |   204 |   367 ||   820
       Skin              |       |       |       |       |    29 ||    29
Dodge: Dodged            |    19 |    47 |    95 |   142 |   212 ||   515
